 Dungeon Crawl Stone Soup version 0.30.1-11-g7821555f0a (webtiles) character file.

Game seed: 674026293014667338

40 KittyFluff the Trooper (level 3, 0/23 HPs)
             Began as a Gargoyle Berserker on Oct 29, 2023.
             Was a Believer of Trog.
             Slain by a goblin
             ... wielding a +0 dagger
             ... led by Robin
              (3 damage)
             ... on level 2 of the Dungeon.
             The game lasted 00:04:01 (1222 turns).

KittyFluff the Trooper (Gargoyle Berserker)         Turns: 1222, Time: 00:04:02

Health: 0/23       AC:  5    Str: 22    XL:     3   Next: 50%
Magic:  3/3        EV: 12    Int:  7    God:    Trog [**....]
Gold:   147        SH:  0    Dex:  9    Spells: 2/2 levels left

rFire   . . .        a - +0 mace
rCold   . . .        (no shield)
rNeg    + . .        b - +0 animal skin
rPois   ∞            (no helmet)
rElec   +            (no cloak)
rCorr   .            (no gloves)
SInv    .            (no boots)
Will    .....        (no amulet)
Stlth   +            (no ring)
HPRegen 0.23/turn    (no ring)
MPRegen 0.08/turn

%: no passive effects
@: no status effects
A: sickness immunity, AC +3, negative energy resistance 1, electricity
resistance, torment resistance 1, petrification resistance
a: Renounce Religion, Berserk, Trog's Hand


You were on level 2 of the Dungeon.
You worshipped Trog.
Trog was pleased with you.
You visited 1 branch of the dungeon, and saw 2 of its levels.

You collected 147 gold pieces.

Inventory:

Hand Weapons
 a - a +0 mace (weapon)
Armour
 b - a +0 animal skin (worn)
Scrolls
 c - a scroll of brand weapon {unknown}
 d - a scroll of blinking {unknown}
 e - 4 scrolls of teleportation {unknown}
 f - a scroll of enchant armour {unknown}
 g - a scroll of poison {unknown}
Potions
 h - 2 potions of mutation {unknown}
 i - a potion of brilliance {unknown}
 j - a potion of ambrosia {unknown}


   Skills:
 + Level 3.6 Fighting
 * Level 3.5 Maces & Flails
 * Level 2.9 Armour
 + Level 1.9 Dodging


You had 2 spell levels left.
You didn't know any spells.
Your spell library was empty.

Dungeon Overview and Level Annotations

Branches:
Dungeon (2/15)

Altars:

Annotations:
D:2 Robin


Innate Abilities, Weirdness & Mutations

You are immune to sickness and miasma.
Your stone body is resilient. (AC +3)
You are immune to poison.
You resist negative energy. (rN+)
You are resistant to electric shocks. (rElec)
You are resistant to unholy torment.
You are immune to petrification.


Message History

A hobgoblin comes into view.
The hobgoblin shouts!
Robin roars a battlecry!
The goblins go into a battle-frenzy!
You hear a shout! x2
You miss the goblin. The goblin completely misses you.
Robin laughs in a distinctly smug fashion.
The goblin misses you.
A hobgoblin comes into view.
You barely miss the goblin.
A goblin comes into view. It is wielding a +0 dagger.
The goblin barely misses you.
Robin says, "Duck!"
You hit the goblin.
You kill the goblin!
Trog accepts your kill.
You hit the hobgoblin but do no damage.
A rat comes into view.
The hobgoblin closely misses you.
You barely miss the hobgoblin. Robin throws the goblin at you!
The hobgoblin hits you. The goblin hits you with a +0 club.
You barely miss the hobgoblin. The hobgoblin misses you.
The goblin barely misses you. The hobgoblin hits you.
The goblin hits you with a +0 club.
You closely miss the hobgoblin. Robin throws the goblin at you!
A goblin comes into view. It is wielding a +0 club.
The hobgoblin barely misses you. The goblin hits you with a +0 club.
* * * LOW HITPOINT WARNING * * *
The goblin barely misses you.
You closely miss the hobgoblin.
The goblin shouts!
You punch the hobgoblin.
The hobgoblin is severely wounded.
A bat comes into view.
The hobgoblin hits you.
* * * LOW HITPOINT WARNING * * *
The goblin hits you with a +0 club.
* * * LOW HITPOINT WARNING * * *
The goblin hits you with a +0 dagger.
You die...

####.#
#......'......##
#......##.#.....
#......##.##.##.
#......##.......
#......####.####
#......# #.#...
. ###......#
#.#.## ...
#gg......#
#.#.## $...#
#@#......#
#.#..#
......#g#......#
##.##.#
#.gg########
#.....# ###>#
#..#.## #g#
#..#.#


rgg #....# ..g ##.#.# #.... ########.#.# ....# #......#...# You could see Robin,
3 hobgoblins, 5 goblins and a rat.

Vanquished Creatures
  An adder (D:2)
  A worm (D:2)
  A dart slug (D:1)
  An endoplasm (D:1)
  2 giant cockroaches
  4 goblins
  A hobgoblin (D:1)
  4 kobolds (D:1)
  2 quokkas
  2 ball pythons (D:1)
  4 bats (D:1)
  A frilled lizard (D:1)
  3 rats (D:1)
27 creatures vanquished.

Notes
Turn   | Place    | Note
-------+----------+-------------------------------------------
     0 | D:1      | KittyFluff the Gargoyle Berserker began the quest for the
                  | Orb.
     0 | D:1      | Reached XP level 1. HP: 14/14 MP: 1/1
   182 | D:1      | Reached XP level 2. HP: 19/19 MP: 2/2
   772 | D:1      | Reached ** piety under Trog
   773 | D:1      | Reached XP level 3. HP: 23/23 MP: 3/3
  1211 | D:2      | Noticed Robin
  1222 | D:2      | Slain by a goblin

Illustrated notes

Levels and vault maps discovered:
D:1:      onia_arrival_mini_maze_b, layout_basic,
          minmay_misc_feat_secret_circle, chequers_hall_statues_wall_a,
          dreamdust_wishing_well
D:2:      layout_basic, shapermc_ecumenical_altar_rom_forum, uniq_robin

Action                     || total
---------------------------++-------
  Melee: Mace              ||    98
         Punch             ||     1
 Armour: Animal skin       ||    28
  Dodge: Dodged            ||    68
